 Dungeon Crawl Stone Soup version 0.28-a0-1555-g9ae15a6949 (webtiles) character file.

Game seed: 17997671730545810259

8412 pokeman the Thaumaturge (level 11, -9/60 HPs)
             Began as a Deep Elf Hedge Wizard on Jan 18, 2022.
             Was a Believer of Vehumet.
             Killed from afar by a gargoyle (23 damage)
             ... with a stone arrow
             ... on level 10 of the Dungeon.
             The game lasted 00:31:34 (12895 turns).

pokeman the Thaumaturge (Deep Elf Hedge Wizard)    Turns: 12895, Time: 00:31:36

Health: -9/60      AC:  9    Str:  9    XL:     11   Next: 9%
Magic:  20/31      EV: 12    Int: 28    God:    Vehumet [**....]
Gold:   431        SH:  0    Dex: 14    Spells: 22/39 levels left

rFire   + + .      SeeInvis .   x - +7 dagger of the Shore {elec, Str+2 Int+4}
rCold   . . .      Faith    .   (no shield)
rNeg    . . .      Spirit   .   H - +0 troll leather armour
rPois   .          Reflect  .   c - +0 hat
rElec   .          Harm     .   w - +0 cloak
rCorr   .          Rampage  .   k - +1 pair of gloves
Will    +....                   y - +0 pair of boots
Stlth   ++........              D - amulet of regeneration
HPRegen 1.80/turn               m - ring of protection from fire
MPRegen 0.22/turn               F - ring of protection from fire

@: no status effects
A: no striking features
a: Renounce Religion


You were on level 10 of the Dungeon.
You worshipped Vehumet.
Vehumet was pleased with you.
You visited 2 branches of the dungeon, and saw 11 of its levels.

You collected 431 gold pieces.

Inventory:

Hand Weapons
 s - a +0 shortbow
 x - the +7 dagger of the Shore (weapon) {elec, Str+2 Int+4}
   (You found it on level 7 of the Dungeon)

   It occasionally discharges a powerful burst of electricity upon striking a
   foe.
   Str:       It affects your strength (+2).
   Int:       It affects your intelligence (+4).
 z - a +0 hand crossbow
 A - the +8 spear "Ximeebeth" {flame, Dex+4}
   (You found it on level 8 of the Dungeon)

   It burns those it strikes, dealing additional fire damage.
   Dex:       It affects your dexterity (+4).
Missiles
 b - 194 arrows
 d - 3 throwing nets
 h - 110 bolts
Armour
 c - a +0 hat (worn)
 k - a +1 pair of gloves (worn)
 w - a +0 cloak (worn)
 y - a +0 pair of boots (worn)
 H - a +0 troll leather armour (worn)
 I - a +0 kite shield
 J - +0 acid dragon scales
 L - a +1 robe of cold resistance
Jewellery
 m - a ring of protection from fire (left hand)
 D - an amulet of regeneration (around neck)
 F - a ring of protection from fire (right hand)
 K - a ring of ice
 N - an amulet of the acrobat
Wands
 B - a wand of flame (8)
Scrolls
 e - a scroll of magic mapping {unknown}
 g - a scroll of vulnerability {unknown}
 i - 7 scrolls of identify {unknown}
 o - a scroll of blinking {unknown}
 p - 2 scrolls of teleportation {unknown}
 q - a scroll of fog {unknown}
 t - 3 scrolls of enchant weapon {unknown}
 v - a scroll of immolation {unknown}
 E - a scroll of holy word {unknown}
 G - a scroll of noise {unknown}
Potions
 a - 3 potions of attraction {unknown}
 f - 2 potions of degeneration {unknown}
 j - 2 potions of mutation {unknown}
 l - a potion of experience {unknown}
 n - 6 potions of curing
 r - a potion of resistance {unknown}
 u - a potion of might {unknown}
 C - a potion of flight {unknown}
 M - a potion of magic {unknown}


   Skills:
 + Level 3.0 Fighting
 - Level 5.0 Armour
 - Level 3.0 Dodging
 - Level 4.0 Stealth
 * Level 14.6 Spellcasting
 + Level 8.5 Conjurations
 - Level 1.1 Summonings
 - Level 1.1 Translocations
 + Level 7.6 Fire Magic
 - Level 1.1 Ice Magic
 - Level 1.0 Air Magic
 - Level 2.0 Poison Magic


You had 22 spell levels left.
You knew the following spells:

 Your Spells              Type           Power      Damage    Failure   Level
a - Magic Dart            Conj           100%       1d8       1%          1
b - Mephitic Cloud        Conj/Pois/Air  42%        N/A       1%          3
c - Call Imp              Summ           26%        N/A       3%          2
d - Blink                 Tloc           52%        N/A       3%          2
e - Conjure Flame         Conj/Fire      60%        6-21      1%          3
f - Foxfire               Conj/Fire      100%       2x1d9     1%          1
g - Freezing Cloud        Conj/Ice/Air   20%        6-21      22%         5

Your spell library contained the following spells:

 Spells                   Type           Power      Damage    Failure   Level
 Ignite Poison            Fire/Tmut/Pois 38%        N/A       2%          3
 Slow                     Hex            80%        N/A       3%          1
 Ensorcelled Hibernation  Hex/Ice        46%        N/A       4%          2
 Passwall                 Tmut/Erth      16%        N/A       4%          2
 Ozocubu's Armour         Ice            26%        N/A       6%          3
 Swiftness                Air            26%        N/A       6%          3
 Confusing Touch          Hex            20%        N/A       10%         3
 Yara's Violent Unravell  Hex/Tmut       10%        3d6       67%         5
 Enfeeble                 Hex            10%        N/A       100%        7
 Ozocubu's Refrigeration  Ice            13%        4d7       100%        7


Dungeon Overview and Level Annotations

Branches:
Dungeon (10/15)            Temple (1/1) D:6            Lair (0/6) D:8
    Orc: D:9-12

Altars:
Ashenzari
Cheibriados
Dithmenos
Elyvilon
Fedhas
Gozag
Makhleb
Nemelex Xobeh
Okawaru
Qazlal
Ru
Sif Muna
Trog
Uskayaw
Vehumet
Wu Jian
Xom
Yredelemnul
The Shining One

Shops:
D:9 *

Annotations:
D:6 Loot behind glass


Message History

The gargoyle is moderately damaged.
The gargoyle hurls a stone arrow at you.
The stone arrow hits you!
You barely miss the gargoyle.
The gargoyle is moderately damaged.
The foxfire hits the gargoyle!
The gargoyle is heavily damaged.
The foxfire hits the gargoyle but does no damage.
The gargoyle is heavily damaged.
The foxfire hits the gargoyle but does no damage.
The gargoyle is heavily damaged.
The gargoyle hits you with a +0 mace.
Unknown command.
Casting: Foxfire (safe; 1% risk of failure)
Confirm with . or Enter, or press ? or * to list all spells.
You conjure some foxfire!
The gargoyle hurls a stone arrow at you.
The stone arrow hits you!
* * * LOW HITPOINT WARNING * * *
Unknown command.
Casting: Foxfire (safe; 1% risk of failure)
Confirm with . or Enter, or press ? or * to list all spells.
You blink.
The foxfire hits the gargoyle but does no damage.
The gargoyle is heavily damaged.
The foxfire hits the gargoyle.
The gargoyle is severely damaged.
Unknown command.
Casting: Blink (safe; 3% risk of failure)
Confirm with . or Enter, or press ? or * to list all spells.
You conjure some foxfire!
Unknown command.
You feel stable enough to blink again.
The foxfire hits the gargoyle but does no damage.
The gargoyle is severely damaged.
The foxfire hits the gargoyle but does no damage.
The gargoyle is severely damaged.
The gargoyle hurls a stone arrow at you.
The stone arrow hits you!!
You die...

### #############
#...........
##.........###
#............###########
............§...........
#.....@.9.#.###########
#.....§...#.#
#.........#.#
#.........#.#
#.........#.#
#.###.#####.# #. #. #.#
. .. #.##########
#..........#


You could see a gargoyle.

Vanquished Creatures
  Harold (D:7)
  Fannar (D:9)
  A two-headed ogre (D:9)
  Pikel (D:7)
  A troll (D:10)
  A hornet (D:10)
  Grinder (D:3)
  8 yaks
  An acid dragon (D:10)
  Duvessa (D:5)
  A black bear (D:5)
  An ice beast (D:6)
  3 orc warriors
  A sky beast (D:6)
  An ogre (D:5)
  2 necrophages
  A centaur (D:6)
  A gnoll sergeant (D:9)
  2 bullfrogs (D:7)
  5 scorpions
  A wyvern zombie (D:4)
  2 water moccasin zombies
  Dowan (D:5)
  23 killer bees
  4 wights
  10 howler monkeys
  2 centaur zombies
  A bullfrog skeleton (D:6)
  A hound (D:5)
  3 jellies
  3 gnoll shamans
  5 orc priests
  A centaur skeleton (D:6)
  A scorpion zombie (D:3)
  3 iguanas
  6 orc wizards
  A hound skeleton (D:4)
  2 adders
  18 gnolls
  A shadow imp (D:6)
  A white imp (D:8)
  An adder skeleton (D:4)
  A worm (D:5)
  2 dart slugs (D:3)
  17 orcs
  6 ball pythons
  8 endoplasms
  2 giant cockroaches
  6 goblins
  13 hobgoblins
  2 jackals (D:4)
  8 quokkas
  6 bats
  8 frilled lizards
  9 kobolds
  6 rats
220 creatures vanquished.

Vanquished Creatures (collateral kills)
  A gnoll (D:4)
1 creature vanquished.

Vanquished Creatures (others)
  A killer bee (D:6)
  43 foxfires (D:10)
  2 plants (D:2)
46 creatures vanquished.

Grand Total: 267 creatures vanquished

Notes
Turn   | Place    | Note
-------+----------+-------------------------------------------
     0 | D:1      | pokeman the Deep Elf Hedge Wizard began the quest for the
                  | Orb.
     0 | D:1      | Reached XP level 1. HP: 10/10 MP: 7/7
   243 | D:1      | Reached XP level 2. HP: 16/16 MP: 4/9
  1166 | D:1      | Reached skill level 5 in Spellcasting
  1445 | D:1      | Reached XP level 3. HP: 20/20 MP: 8/11
  1449 | D:1      | Learned a level 3 spell: Mephitic Cloud
  1452 | D:1      | Learned a level 2 spell: Call Imp
  1455 | D:1      | Learned a level 2 spell: Blink
  1459 | D:1      | Learned a level 3 spell: Conjure Flame
  1557 | D:1      | Found a faded altar of an unknown god.
  1973 | D:2      | Reached skill level 1 in Armour
  2438 | D:2      | Reached skill level 1 in Fighting
  2475 | D:2      | Reached XP level 4. HP: 25/25 MP: 5/13
  3251 | D:3      | Reached skill level 1 in Fire Magic
  3401 | D:3      | Reached XP level 5. HP: 29/29 MP: 6/15
  3405 | D:3      | Reached skill level 6 in Spellcasting
  3477 | D:3      | Reached skill level 1 in Air Magic
  3924 | D:3      | Noticed Grinder
  3943 | D:3      | Killed Grinder
  3944 | D:3      | Reached skill level 7 in Spellcasting
  3944 | D:3      | Reached skill level 1 in Poison Magic
  3944 | D:3      | Reached XP level 6. HP: 34/34 MP: 3/18
  4867 | D:4      | Reached XP level 7. HP: 38/38 MP: 15/20
  5208 | D:4      | Found a snail-covered altar of Cheibriados.
  5299 | D:4      | Learned a level 5 spell: Freezing Cloud
  5526 | D:5      | Entered Level 5 of the Dungeon
  5624 | D:5      | Reached skill level 8 in Spellcasting
  5974 | D:5      | Reached skill level 1 in Ice Magic
  5974 | D:5      | Reached XP level 8. HP: 41/44 MP: 10/22
  6444 | D:5      | Reached skill level 9 in Spellcasting
  6552 | D:5      | Noticed Duvessa
  6552 | D:5      | Noticed Dowan
  6576 | D:5      | Killed Duvessa
  6616 | D:5      | Killed Dowan
  6770 | D:5      | Found a broken altar of Ashenzari.
  6773 | D:5      | Found a sacrificial altar of Ru.
  6776 | D:5      | Found a stormy altar of Qazlal.
  6921 | D:6      | Reached skill level 5 in Conjurations
  7083 | D:6      | Found a white marble altar of Elyvilon.
  7083 | D:6      | Found a shadowy altar of Dithmenos.
  7152 | D:6      | Reached skill level 10 in Spellcasting
  7291 | D:6      | Reached XP level 9. HP: 29/48 MP: 14/25
  7478 | D:6      | Found a staircase to the Ecumenical Temple.
  7498 | Temple   | Entered the Ecumenical Temple
  7532 | Temple   | Became a worshipper of Vehumet
  7697 | D:6      | Found an ornate altar of the Wu Jian Council.
  8313 | D:6      | Reached skill level 11 in Spellcasting
  8526 | D:7      | Identified the +7 dagger of the Shore {elec, Str+2 Int+4}
  8678 | D:7      | Noticed Pikel
  8679 | D:7      | Noticed Harold
  8688 | D:7      | Killed Harold
  8689 | D:7      | Reached skill level 5 in Fire Magic
  8692 | D:7      | Killed Pikel
  8693 | D:7      | Reached skill level 12 in Spellcasting
 10050 | D:8      | Identified the +8 spear "Ximeebeth" {flame, Dex+4}
 10270 | D:8      | Reached XP level 10. HP: 46/53 MP: 19/28
 10573 | D:8      | Found a staircase to the Lair.
 10612 | D:8      | Reached skill level 13 in Spellcasting
 11092 | D:9      | Reached * piety under Vehumet
 11092 | D:9      | Offered knowledge of Shock by Vehumet.
 11697 | D:9      | Found Sekylun's Elemental Accessories.
 11749 | D:9      | Reached skill level 5 in Armour
 11941 | D:9      | Noticed a two-headed ogre
 12196 | D:9      | Killed a two-headed ogre
 12197 | D:9      | Reached skill level 14 in Spellcasting
 12374 | D:10     | Entered Level 10 of the Dungeon
 12479 | D:10     | Noticed Fannar
 12611 | D:10     | Reached XP level 11. HP: 59/59 MP: 22/31
 12618 | D:10     | Reached ** piety under Vehumet
 12618 | D:10     | Offered knowledge of Foxfire by Vehumet.
 12622 | D:10     | Learned a level 1 spell: Foxfire
 12644 | D:9      | Killed Fannar
 12806 | D:10     | Found an opulent altar of Gozag.
 12895 | D:10     | Killed from afar by a gargoyle

Illustrated notes

Levels and vault maps discovered:
D:1:      nicolae_arrival_somewhat_less_tricky_arrival, layout_loops_ring,
          dilly_ecumenical_altar_fadedgnrine, minmay_splitting_lines,
          kennysheep_nondescript
D:2:      layout_basic, serial_bayou_pond_a, minmay_misc_feat_secret_circle
D:3:      layout_basic, uniq_grinder
D:4:      layout_basic, kennysheep_mini_moat
D:5:      layout_loops_ring, nicolae_overflow_hidden_temple, uniq_duvessa
D:6:      layout_basic, gammafunk_temple_overflow_statue,
          pdpol_wu_jian_five_deadly_venoms, minmay_temple_entry_mini_moons,
          due_unseen_surprise
D:7:      layout_basic, uniq_harold, uniq_pikel
D:8:      layout_basic, lair_entry_dummy, serial_corexii_hall,
          corexii_hall_statues_i, corexii_hall_statues_l, supply_closet_lemuel
D:9:      layout_rooms, kennysheep_decorative_pillar, nicolae_elemental_shop
D:10:     layout_loops_ring, zin_angel, mainiacjoe_overflow_small_starburst,
          orc_0_dummy, uniq_fannar
Temple:   cyrus_circular_temple

Skill      XL: |  1  2  3  4  5  6  7  8  9 10 11 |
---------------+----------------------------------+-----
Spellcasting   | 5 7 8 10 12 14 | 14.6
Armour         | 1 2 4 5 |  5.0
Conjurations   | 2 3 4 5 7 8 |  8.5
Fighting       | 1 2 3 |  3.0
Fire Magic     | 1 2 4 6 7 |  7.6
Dodging        | 3 |  3.0
Air Magic      | 1 |  1.0
Stealth        | 3 4 |  4.0
Poison Magic   | 1 2 |  2.0
Ice Magic      | 1 |  1.1
Summonings     | |  1.1
Translocations | |  1.1

Action                   |  1- 3 |  4- 6 |  7- 9 | 10-12 || total
-------------------------+-------+-------+-------+-------++-------
Melee: Dagger            |    10 |    26 |    64 |    75 ||   175
       Short sword       |       |       |     7 |       ||     7
 Cast: Magic Dart        |   113 |   109 |   225 |    93 ||   540
       Conjure Flame     |     1 |     3 |    30 |    19 ||    53
       Mephitic Cloud    |     1 |     4 |    17 |    34 ||    56
       Call Imp          |       |     2 |     8 |     3 ||    13
       Blink             |       |       |     3 |     7 ||    10
       Foxfire           |       |       |       |    22 ||    22
 Stab: Confused          |       |     2 |     3 |    10 ||    15
Armor: Robe              |     2 |       |       |       ||     2
       Leather armour    |     4 |     6 |    25 |    19 ||    54
       Troll leather arm |       |       |       |    11 ||    11
Dodge: Dodged            |    14 |    29 |    55 |    80 ||   178

Table legend: (Time is in decaauts)
 A = Elapsed time spent in this place.
 B = Non-inter-level travel time spent in this place.
 C = Inter-level travel time spent in this place.
 D = Time resting spent in this place.
 E = Time spent auto-exploring this place.
 F = Levels seen in this place.
 G = Mean time per level.
                   A        B        C        D        E       F      G
               +--------+--------+--------+--------+--------+-----+--------+
         Total |  12905 |  12350 |    555 |    658 |   9645 |  11 | 1173.2 |
       Dungeon |  12861 |  12306 |    555 |    658 |   9620 |  10 | 1286.1 |
        Temple |     43 |     43 |      0 |      0 |     25 |   1 |   43.0 |
               +--------+--------+--------+--------+--------+-----+--------+

Top non-repeatable levels by time:
     D:1: 1796 daAuts
     D:3: 1692 daAuts
     D:8: 1571 daAuts
     D:6: 1465 daAuts
     D:9: 1394 daAuts
     D:5: 1340 daAuts
     D:7: 1210 daAuts
     D:2: 1148 daAuts
     D:4: 935 daAuts
    D:10: 305 daAuts
  Temple: 43 daAuts
